 Dungeon Crawl Stone Soup version 0.29.0-4-gdea44cf6ec (webtiles) character file.

Game seed: 4819752871108110302

128 qw the Chopper (level 5, 0/30 HPs)
             Began as a Tengu Warper on Aug 28, 2022.
             Succumbed to a kobold's poison
             ... on level 3 of the Dungeon.
             The game lasted 00:00:17 (2998 turns).

qw the Chopper (Tengu Warper)                       Turns: 2998, Time: 00:00:17

Health: 0/30       AC: 10    Str: 11 (13) XL:     5   Next: 11%
Magic:  9/9        EV:  6    Int: 13 (14) God:
Gold:   129        SH:  0    Dex: 13      Spells: 8/8 levels left

rFire   + . .      SeeInvis .   Y - +0 hand axe
rCold   . . .      Faith    .   (no shield)
rNeg    . . .      Spirit   .   d - +0 chain mail
rPois   .          Reflect  .   (helmet restricted)
rElec   .          Harm     .   n - +0 cloak
rCorr   .          Rampage  .   (no gloves)
Will    .....                   (boots unavailable)
Stlth   ..........              (no amulet)
HPRegen 0.10/turn               c - ring of protection from fire
MPRegen 0.11/turn               (no ring)

@: lethally poisoned (0 -> -1), flying quickly and evasively, quick
A: beak, talons 3, nimble flight
a: no special abilities


You were on level 3 of the Dungeon.
You visited 1 branch of the dungeon, and saw 4 of its levels.

You collected 219 gold pieces.
You spent 90 gold pieces at shops.


Innate Abilities, Weirdness & Mutations

You have a beak for a mouth.
You have claws for feet.
Your magical nature lets you fly swiftly and evasively.


   Skills:
 - Level 2.0 Fighting
 + Level 5.0 Axes
 - Level 1.0 Throwing
 - Level 2.7 Armour
 - Level 2.1 Dodging
 - Level 2.0 Spellcasting
 - Level 2.4 Translocations


You had 8 spell levels left.
You didn't know any spells.
Your spell library contained the following spells:

 Spells                   Type           Power      Damage    Failure   Level
 Blink                    Tloc           14%        N/A       100%        2
 Gell's Gravitas          Tloc           7%         N/A       100%        3
 Lesser Beckoning         Tloc           7%         N/A       100%        3
 Teleport Other           Tloc           7%         N/A       100%        3
 Manifold Assault         Tloc           7%         N/A       100%        5

Inventory:

Hand Weapons
 a - a +0 flail
 Y - a +0 hand axe (weapon)
Missiles
 m - 4 boomerangs (quivered)
Armour
 d - a +0 chain mail (worn)
 n - a +0 cloak (worn)
Jewellery
 c - a ring of protection from fire (left hand)
Scrolls
 b - 2 scrolls of identify
Potions
 e - a potion of resistance
 i - a potion of heal wounds
 k - a potion of might
 l - a potion of lignification {unknown}
 o - a potion of berserk rage {unknown}

Dungeon Overview and Level Annotations

Branches:
Dungeon (4/15)
 Temple: D:4-7

Altars:
Kikubaaqudgha
Sif Muna
Vehumet

Shops:
D:1 (?*


Message History

2960 ||| FLEEEEING.
You feel sick.
2961 ||| FLEEEEING.
You feel sick.
You are no longer poisoned.
2962 ||| FLEEEEING.
You see here 7 stones.
You start resting.
A kobold is nearby!
2973 ||| FLEEEEING.
You see here a ring of flight.
You start resting.
A kobold is nearby!
2987 ||| FLEEEEING.
2988 ||| FLEEEEING.
2989 ||| FLEEEEING.
2990 ||| FLEEEEING.
2991 ||| FLEEEEING.
2992 ||| FLEEEEING.
The kobold throws a poisoned dart.
The poisoned dart hits you!
You are lethally poisoned!
2993 ||| FLEEEEING.
You feel sick.
The kobold throws a poisoned dart.
The poisoned dart barely misses you.
2994 ||| FLEEEEING.
You feel sick.
The adder hisses angrily.
2995 ||| FLEEEEING.
You feel sick.
There is a stone staircase leading up here.
2996 ||| STAIRDANCE You feel sick.
You fly upwards.
You feel sick.
There is a stone staircase leading down here.
Enter note:
Enter note:
Enter note:
Enter note:
There is a lethal amount of poison in your body!
You die...

........................#.#....##
#...####.#..#############.#....##
###..###........# #.#.##..#
##............# ###...###.#
#####........#### #...### #.#
#...##......####.#.# #.#
#.#########......#.#####..
########.#############....#......
................@...........#####
#######.########.......######
#..........####### #.##########
###


There were no monsters in sight!

Vanquished Creatures
  An orc priest (D:4)
  A gnoll (D:1)
  3 adders
  A worm (D:3)
  4 dart slugs
  3 orcs (D:4)
  5 endoplasms
  2 giant cockroaches
  4 goblins
  3 hobgoblins
  A jackal (D:1)
  A kobold (D:4)
  4 quokkas
  5 ball pythons
  4 bats
  4 frilled lizards
  4 rats
50 creatures vanquished.

Notes
Turn   | Place    | Note
-------+----------+-------------------------------------------
     0 | D:1      | qw the Tengu Warper began the quest for the Orb.
     0 | D:1      | Reached XP level 1. HP: 12/12 MP: 4/4
     0 | D:1      | 0 ||| qw: Version: 0.1-a-89-g26bdef1
     0 | D:1      | 0 ||| qw: Game counter: 3147
     0 | D:1      | 0 ||| qw: Always use a shield: true
     0 | D:1      | 0 ||| qw: God list: Okawaru
     0 | D:1      | 0 ||| qw: Allow faded altars: false
     0 | D:1      | 0 ||| qw: Do Orc after D:15 true
     0 | D:1      | 0 ||| qw: Do second Lair branch before Depths: true
     0 | D:1      | 0 ||| qw: Lair rune preference: random
     0 | D:1      | 0 ||| qw: Plans: Normal
     0 | D:1      | 0 ||| PLANNING D:1-11
    50 | D:1      | Found Beb Gacve's Magic Scroll Shoppe.
    51 | D:1      | 51 ||| Stepping ~*~*~tactically~*~*~ (hiding).
    52 | D:1      | 52 ||| Stepping ~*~*~tactically~*~*~ (hiding).
   201 | D:1      | 201 ||| SHOPLISTING 2 scrolls of brand weapon (228 gold,
                  | have 44).
   201 | D:1      | 201 ||| SHOPLISTING 3 scrolls of brand weapon (342 gold,
                  | have 44).
   206 | D:1      | 206 ||| Stepping ~*~*~tactically~*~*~ (hiding).
   214 | D:1      | Reached skill level 3 in Axes
   214 | D:1      | Reached XP level 2. HP: 17/17 MP: 6/6
   349 | D:1      | 349 ||| Stepping ~*~*~tactically~*~*~ (stealth).
   359 | D:1      | Reached XP level 3. HP: 12/21 MP: 7/7
   561 | D:1      | Found Ekhleanie's Weapon Shop.
   586 | D:1      | 586 ||| SHOPLISTING +8 mithril axe "Arga" {speed, Will+}
                  | (646 gold, have 97).
   715 | D:1      | Reached skill level 4 in Axes
   725 | D:1      | Found Haintapt's Assorted Antiques.
   782 | D:1      | Found a faded altar of an unknown god.
   788 | D:1      | 788 ||| BUYING 2 scrolls labelled NACZOPI PIOR (48 gold).
   788 | D:1      | Bought 2 scrolls labelled NACZOPI PIOR for 48 gold pieces
   788 | D:1      | 788 ||| BUYING bubbling ruby potion (21 gold).
   788 | D:1      | Bought a bubbling ruby potion for 21 gold pieces
   788 | D:1      | 788 ||| BUYING fizzy orange potion (21 gold).
   788 | D:1      | Bought a fizzy orange potion for 21 gold pieces
   788 | D:1      | 788 ||| SHOPLISTING scroll labelled NUHAEG PUECK (24 gold,
                  | have 12).
   788 | D:1      | 788 ||| SHOPLISTING scroll labelled SOAKEP GUDAEDD (24
                  | gold, have 12).
   942 | D:1      | 942 ||| Stepping ~*~*~tactically~*~*~ (hiding).
  1077 | D:1      | 1077 ||| UPGRADING to +0 chain mail.
  1087 | D:1      | 1087 ||| DROPPING +0 leather armour.
  1088 | D:1      | 1088 ||| UPGRADING to +0 cloak.
  1093 | D:1      | 1093 ||| READING scroll labelled UDISIA VATU.
  1094 | D:1      | 1094 ||| READING scroll labelled PAECYJE MAITZ.
  1097 | D:1      | 1097 ||| READING 3 scrolls labelled NACZOPI PIOR.
  1098 | D:1      | 1098 ||| READING scroll labelled URIULLAEFF.
  1099 | D:1      | 1099 ||| DRINKING 2 bubbling ruby potions.
  1100 | D:1      | 1100 ||| DROPPING scroll of blinking.
  1101 | D:1      | 1101 ||| DROPPING 2 scrolls of poison.
  1920 | D:2      | Reached XP level 4. HP: 26/26 MP: 8/8
  1923 | D:2      | 1923 ||| UPGRADING to ring of protection from fire.
  1924 | D:2      | 1924 ||| READING scroll labelled LOYKOZE WIAHIO.
  1925 | D:2      | 1925 ||| DRINKING 2 inky potions.
  1926 | D:2      | 1926 ||| DROPPING potion of degeneration.
  1978 | D:3      | 1978 ||| STAIRDANCE
  2129 | D:3      | 2129 ||| DROPPING +0 mace.
  2279 | D:3      | Reached skill level 5 in Axes
  2586 | D:3      | 2586 ||| READING scroll labelled ICONEOSHRUI.
  2587 | D:3      | 2587 ||| READING 3 scrolls of identify.
  2587 | D:3      | 2587 ||| IDENTIFYING fuming green potion
  2588 | D:3      | 2588 ||| READING 2 scrolls of identify.
  2588 | D:3      | 2588 ||| IDENTIFYING fizzy orange potion
  2608 | D:4      | 2608 ||| Stepping ~*~*~tactically~*~*~ (hiding).
  2630 | D:4      | Found an ancient bone altar of Kikubaaqudgha.
  2631 | D:4      | 2631 ||| Stepping ~*~*~tactically~*~*~ (stealth).
  2641 | D:4      | Found a shimmering blue altar of Sif Muna.
  2642 | D:4      | Found a radiant altar of Vehumet.
  2698 | D:4      | Gained mutation: Your magical nature lets you fly swiftly
                  | and evasively. [Tengu growth]
  2698 | D:4      | Reached XP level 5. HP: 20/30 MP: 9/9
  2938 | D:4      | 2938 ||| FLEEEEING.
  2939 | D:4      | 2939 ||| FLEEEEING.
  2940 | D:4      | 2940 ||| FLEEEEING.
  2941 | D:4      | 2941 ||| FLEEEEING.
  2942 | D:4      | 2942 ||| FLEEEEING.
  2946 | D:4      | 2946 ||| FLEEEEING.
  2947 | D:4      | 2947 ||| FLEEEEING.
  2948 | D:4      | 2948 ||| FLEEEEING.
  2949 | D:4      | 2949 ||| FLEEEEING.
  2950 | D:4      | 2950 ||| FLEEEEING.
  2951 | D:4      | 2951 ||| FLEEEEING.
  2952 | D:4      | 2952 ||| FLEEEEING.
  2953 | D:4      | 2953 ||| FLEEEEING.
  2954 | D:4      | 2954 ||| FLEEEEING.
  2955 | D:4      | 2955 ||| FLEEEEING.
  2956 | D:4      | 2956 ||| FLEEEEING.
  2957 | D:4      | 2957 ||| FLEEEEING.
  2958 | D:4      | 2958 ||| FLEEEEING.
  2958 | D:4      | HP: 7/30 [poisoned by a kobold]
  2959 | D:4      | 2959 ||| FLEEEEING.
  2960 | D:4      | 2960 ||| FLEEEEING.
  2961 | D:4      | 2961 ||| FLEEEEING.
  2962 | D:4      | 2962 ||| FLEEEEING.
  2973 | D:4      | 2973 ||| FLEEEEING.
  2987 | D:4      | 2987 ||| FLEEEEING.
  2988 | D:4      | 2988 ||| FLEEEEING.
  2989 | D:4      | 2989 ||| FLEEEEING.
  2990 | D:4      | 2990 ||| FLEEEEING.
  2991 | D:4      | 2991 ||| FLEEEEING.
  2992 | D:4      | 2992 ||| FLEEEEING.
  2993 | D:4      | 2993 ||| FLEEEEING.
  2993 | D:4      | HP: 5/30 [poisoned by a kobold]
  2994 | D:4      | 2994 ||| FLEEEEING.
  2995 | D:4      | 2995 ||| FLEEEEING.
  2996 | D:4      | 2996 ||| STAIRDANCE
  2997 | D:3      | HP: 1/30 [poisoned by a kobold]
  2998 | D:3      | Succumbed to a kobold's poison

Levels and vault maps discovered:
D:1:      lightli_arrival_boilingwater, layout_basic, serial_shops,
          nicolae_diamond_shop, shop, shop_fountains,
          shapermc_ecumenical_altar_venn, hangedman_decor_diamond_cutter,
          minmay_nonomino_d4
D:2:      layout_loops_cross, roderic_serpentine_path, corexii_leaking_fountain
D:3:      layout_rooms
D:4:      layout_basic, grunt_temple_overflow_magic_moments,
          chequers_serial_rivers_micro_a

Skill      XL: |  1  2  3  4 |
---------------+-------------+-----
Axes           | 3 4 5 |  5.0
Armour         | 2 |  2.7
Fighting       | |  2.0
Throwing       | |  1.0
Dodging        | |  2.1
Spellcasting   | |  2.0
Translocations | |  2.4

Action                   |  1- 3 |  4- 6 || total
-------------------------+-------+-------++-------
Melee: Hand axe          |    68 |    42 ||   110
       Kick              |    19 |     9 ||    28
       Peck              |     5 |     7 ||    12
Throw: Boomerang         |    16 |    25 ||    41
  Use: Scroll            |     4 |     4 ||     8
       Potion            |     1 |     1 ||     2
Armor: Leather armour    |    17 |       ||    17
       Chain mail        |     8 |    24 ||    32
Dodge: Dodged            |    41 |     9 ||    50

Table legend:
 A = Non-vault XP
 B = Vault XP
 C = Vault XP percentage of total XP
 D = Non-vault monster count
 E = Vault monster count
 F = Vault count percentage of total count
                 A         B        C        D         E       F
            +---------+---------+-------+---------+---------+-------
      Total |     168 |      15 |   8.2 |      41 |       9 |  18.0
            +---------+---------+-------+---------+---------+-------
        D:1 |      41 |      15 |  26.8 |      15 |       9 |  37.5
        D:2 |      26 |       0 |   0.0 |       9 |       0 |   0.0
        D:3 |      41 |       0 |   0.0 |       9 |       0 |   0.0
        D:4 |      60 |       0 |   0.0 |       8 |       0 |   0.0
            +---------+---------+-------+---------+---------+-------
